 Dungeon Crawl Stone Soup version 0.26-a0-800-g517d6fe721 (webtiles) character file.

Game seed: 5004136758723092030

61 jalala the Bolt Thrower (level 4, 0/28 HPs)
             Began as a Kobold Hunter on Nov 11, 2020.
             Killed by divine providence
             ... invoked by an orc priest
              (15 damage)
             ... on level 2 of the Dungeon.
             The game lasted 00:01:16 (1282 turns).

jalala the Bolt Thrower (Kobold Hunter)             Turns: 1282, Time: 00:01:17

Health: 0/28       AC:  4    Str: 10    XL:     4   Next: 27%
Magic:  4/4        EV: 14    Int: 12    God:
Gold:   55         SH:  0    Dex: 15    Spells: 3/3 levels left

rFire    . . .     SeeInvis .   a - +1 hand crossbow
rCold    . . .     Faith    .   (shield restricted)
rNeg     . . .     Spirit   .   c - +0 leather armour
rPois    .         Reflect  .   (no helmet)
rElec    .         Harm     .   e - +0 cloak (curse)
rCorr    .         Rampage  .   (no gloves)
MR       .....                  (no boots)
Stlth    +++.......             (no amulet)
HPRegen  0.09/turn              (no ring)
MPRegen  0.09/turn              (no ring)

@: no status effects
A: small, nightstalker 3
a: no special abilities


You were on level 2 of the Dungeon.
You visited 1 branch of the dungeon, and saw 2 of its levels.

You collected 55 gold pieces.

Inventory:

Hand Weapons
 a - a +1 hand crossbow (weapon)
 b - a +0 short sword
Missiles
 d - 12 bolts (quivered)
Armour
 c - a +0 leather armour (worn)
 e - a cursed +0 cloak (worn)
 f - a scarf of harm
Scrolls
 g - 2 scrolls of remove curse {unknown}
 i - 2 scrolls of amnesia {unknown}
 j - a scroll of magic mapping {unknown}
 l - a scroll of enchant armour {unknown}
Potions
 h - 2 potions of curing {unknown}
 k - a potion of heal wounds {unknown}
 m - a potion of flight {unknown}


   Skills:
 + Level 3.1 Fighting
 * Level 6.1 Crossbows
 - Level 2.4 Dodging
 - Level 1.3 Stealth


You had 3 spell levels left.
You didn't know any spells.
Your spell library was empty.

Dungeon Overview and Level Annotations

Branches:
Dungeon (2/15)

Altars:


Innate Abilities, Weirdness & Mutations

You are small and have problems with some larger weapons.
You are completely attuned to the shadows.


Message History

Aim: an orc priest, wearing a +0 ring mail You shoot a bolt.
The bolt hits the orc priest!
You kill the orc priest!
Your Fighting skill increases to level 3!
Your Crossbows skill increases to level 6!
You have reached level 4!
The orc throws a boomerang.
The boomerang misses you.
The weapon returns to the orc!
Unknown command.
Firing (i - inventory)
d - 13 bolts (quivered)
Press: ? - help, Shift-Dir - straight line, f/p - orc priest
Aim: an orc priest, wearing a +0 ring mail You shoot a bolt.
The bolt hits the orc.
The orc is almost dead.
The orc throws a boomerang.
The boomerang closely misses you.
The weapon returns to the orc!
The orc priest invokes the aid of Beogh against you.
Beogh smites you!
Ouch! That really hurt!
You die...

######.##########.
#.# #. #..#.# #.#
#. #..... .# #.
#...(# #. (o.oo#
#. #o# ####. #)#
.....
#@###############.
#...............†.
#.################
###


You could see an orc priest and 2 orcs.

Vanquished Creatures
  An orc priest (D:2)
  A worm (D:2)
  A dart slug (D:1)
  2 giant cockroaches (D:1)
  4 goblins
  6 hobgoblins
  6 bats
  A frilled lizard (D:1)
  3 kobolds (D:1)
  2 rats (D:1)
27 creatures vanquished.

Notes
Turn   | Place    | Note
-------+----------+-------------------------------------------
     0 | D:1      | jalala the Kobold Hunter began the quest for the Orb.
     0 | D:1      | Reached XP level 1. HP: 12/12 MP: 1/1
    32 | D:1      | Reached skill level 5 in Crossbows
   156 | D:1      | Reached XP level 2. HP: 18/18 MP: 2/2
   565 | D:1      | Reached XP level 3. HP: 20/22 MP: 3/3
  1281 | D:2      | Reached skill level 6 in Crossbows
  1281 | D:2      | Reached XP level 4. HP: 15/28 MP: 4/4
  1282 | D:2      | Killed from afar by an orc priest

Illustrated notes

Levels and vault maps discovered:
D:1:      dpeg_arrival_more_subterranean_lakeside_camping, layout_rooms,
          serial_bayou_pond_d, minmay_misc_feat_five, hangedman_decor_push,
          minmay_misc_feat_tiny
D:2:      layout_basic, gammafunk_temple_overflow_wave, uniq_robin

Skill      XL: |  1  2  3 |
---------------+----------+-----
Crossbows      | 5 6 |  6.1
Fighting       | 3 |  3.1
Dodging        | |  2.4
Stealth        | |  1.3

Action                   |  1- 3 |  4- 6 || total
-------------------------+-------+-------++-------
Melee: Short sword       |   102 |       ||   102
 Fire: Hand crossbow     |     7 |     1 ||     8
 Stab: Sleeping          |     9 |       ||     9
Armor: Leather armour    |    24 |       ||    24
Dodge: Dodged            |    80 |     2 ||    82

Table legend: (Time is in decaauts)
 A = Elapsed time spent in this place.
 B = Non-inter-level travel time spent in this place.
 C = Inter-level travel time spent in this place.
 D = Time resting spent in this place.
 E = Time spent auto-exploring this place.
 F = Levels seen in this place.
 G = Mean time per level.
                   A        B        C        D        E       F      G
               +--------+--------+--------+--------+--------+-----+--------+
         Total |   1299 |   1275 |     24 |      0 |   1026 |   2 |  649.5 |
       Dungeon |   1299 |   1275 |     24 |      0 |   1026 |   2 |  649.5 |
               +--------+--------+--------+--------+--------+-----+--------+

Top non-repeatable levels by time:
     D:1: 964 daAuts
     D:2: 335 daAuts
